Reno Silver Aces vs Toronto St Pats
Created - Sunday, March 10, 2024 at 07:52
Goals
|
| Reno Silver Aces |
0 |
0 |
2 |
2 |
| Toronto St Pats |
1 |
3 |
0 |
4 |
|
Shots
|
| Reno Silver Aces |
13 |
8 |
11 |
32 |
| Toronto St Pats |
6 |
13 |
11 |
30 |
|
1st period
1. Toronto St Pats , Nick Cousins 17 (Filip Hallander 18) at 15:34 (SH)
Penalties :
Austin Watson (TSP) for Hooking (Minor) at 14:38
2nd period
2. Toronto St Pats , Lucas Carlsson 2 (Austin Watson 17, Nick Cousins 21) at 3:56
3. Toronto St Pats , Brendan Brisson 9 (Sean Walker 16, Riley Damiani 7) at 9:16
4. Toronto St Pats , Ville Koivunen 2 (Pierre-Olivier Joseph 18, Brendan Brisson 11) at 12:21
Penalties :
Austin Watson (TSP) for Tripping (Minor) at 1:34, Nick Cousins (TSP) for Fighting (Major) at 12:34, Michael Stone (RSA) for Fighting (Major) at 12:34, Austin Watson (TSP) for Hooking (Minor) at 16:16
3rd period
5. Reno Silver Aces , Lars Eller 8 (Danton Heinen 14) at 1:51
6. Reno Silver Aces , Maxime Comtois 6 (Robert Bortuzzo 13) at 12:33
Penalties :
Austin Watson (TSP) for Hooking (Minor) at 3:45, Austin Watson (TSP) for High sticking (Minor) at 12:55
Goalie Stats
Philipp Grubauer (RSA), 26 saves from 30 shots - (0.867), L, 9-9-0, 60:00 minutes
Cal Petersen (TSP), 30 saves from 32 shots - (0.938), W, 19-4-0, 60:00 minutes
Players Stats for Reno Silver Aces
Player Name G A P +/- PIM S H SB GA TA FO MP PP MP PK MP
------------------------------------------------------------------------------------
Danton Heinen 0 1 1 1 0 1 1 0 2 0 1/1 19:09 4:58 0:00
Drew O'Connor 0 0 0 -2 0 2 1 0 0 0 1/1 13:16 0:15 0:00
Dylan Coghlan 0 0 0 0 0 0 1 1 0 1 0/0 15:13 0:00 0:00
Jeremie Poirier 0 0 0 -1 0 0 1 0 0 2 0/0 19:50 4:57 0:00
Jon Merrill 0 0 0 0 0 1 1 1 0 0 0/0 19:29 0:00 0:00
Josh Archibald 0 0 0 0 0 5 2 1 0 0 0/0 14:28 0:00 0:00
Lars Eller 1 0 1 2 0 1 0 0 0 1 12/14 14:42 0:13 0:00
Maxime Comtois 1 0 1 2 0 2 3 0 1 0 1/1 18:50 4:58 0:00
Michael Stone 0 0 0 -1 5 0 1 3 0 0 0/0 14:28 0:25 0:00
Nicolas Deslauriers 0 0 0 -2 0 2 1 0 1 0 0/0 12:56 0:16 0:00
Patrick Brown 0 0 0 -1 0 2 2 0 1 0 3/5 12:26 0:00 0:00
Peter Abbandonato 0 0 0 -1 0 1 0 0 0 0 3/7 13:30 4:49 0:00
Robert Bortuzzo 0 1 1 0 0 3 1 4 0 0 0/0 24:52 4:33 0:00
Trevor Lewis 0 0 0 -1 0 6 2 0 0 0 6/10 19:07 4:38 0:00
Valtteri Puustinen 0 0 0 -3 0 1 2 0 0 0 0/0 14:52 4:57 0:00
Vinnie Hinostroza 0 0 0 -1 0 3 0 0 2 0 1/1 19:04 4:38 0:00
William Dufour 0 0 0 -1 0 1 1 0 2 0 0/0 13:43 5:01 0:00
William Villeneuve 0 0 0 -1 0 1 2 0 0 0 0/0 20:04 4:57 0:00
Players Stats for Toronto St Pats
Player Name G A P +/- PIM S H SB GA TA FO MP PP MP PK MP
------------------------------------------------------------------------------------
Austin Watson 0 1 1 -1 10 1 1 0 0 1 0/1 14:55 0:00 0:00
Brendan Brisson 1 1 2 2 0 3 1 0 0 0 0/1 9:13 0:00 0:00
Connor Dewar 0 0 0 0 0 2 1 0 0 0 0/0 16:03 0:00 4:01
Corey Andonovski 0 0 0 0 0 0 0 1 0 0 0/0 15:04 0:00 3:01
Filip Hallander 0 1 1 1 0 4 3 0 2 0 4/17 18:08 0:00 4:08
Jake Leschyshyn 0 0 0 0 0 1 3 0 2 0 2/4 13:42 0:00 0:45
Lassi Thomson 0 0 0 2 0 0 1 0 0 2 0/0 20:35 0:00 5:06
Lucas Carlsson 1 0 1 2 0 1 0 0 0 1 0/0 20:35 0:00 5:06
Nick Cousins 1 1 2 2 5 4 1 0 0 0 0/0 13:02 0:00 0:11
Nicolas Beaudin 0 0 0 0 0 1 1 0 0 1 0/0 14:58 0:00 0:00
Pierre-Olivier Joseph 0 1 1 0 0 0 2 2 0 0 0/0 24:27 0:00 4:49
Quinton Byfield 0 0 0 -2 0 1 0 1 0 1 0/1 17:40 0:00 3:25
Riley Damiani 0 1 1 2 0 3 0 0 0 1 1/1 10:13 0:00 0:00
Scott Perunovich 0 0 0 0 0 1 0 0 0 1 0/0 14:58 0:00 0:00
Sean Walker 0 1 1 0 0 1 1 1 0 1 0/0 24:27 0:00 4:49
Sheldon Dries 0 0 0 -1 0 4 1 1 0 0 5/14 19:01 0:00 4:21
Ville Koivunen 1 0 1 2 0 2 1 1 0 0 0/0 9:13 0:00 0:00
William Lockwood 0 0 0 0 0 1 0 0 0 0 0/1 13:47 0:00 0:00
3 Stars
1 - Brendan Brisson (TSP)
2 - Ville Koivunen (TSP)
3 - Lucas Carlsson (TSP)
Power Play
Reno Silver Aces - 0 on 5 Attempt(s) - 0.00%
Toronto St Pats - 0 on 0 Attempt(s) - 0.00%
Penalty Kill
Reno Silver Aces - 0 on 0 Attempt(s) - 0.00%
- Score 0 goal in Penalty Kill
Toronto St Pats - 5 on 5 Attempt(s) - 100.00%
- Score 1 goal in Penalty Kill
Team Stat
Reno Silver Aces - Hits : 22 - Faceoff Wins : 28 - Blocked Shots : 10 - Penalty Minutes : 5
Toronto St Pats - Hits : 17 - Faceoff Wins : 12 - Blocked Shots : 7 - Penalty Minutes : 15
Official
Referees : Chris Lee and Gord Dwyer
Linesman : Pierre Racicot and Brian Murphy
Game Notes
Nick Cousins beats up Michael Stone at 12:34 of 2nd period
Reno Silver Aces
5 vs 5 Forward
Center Left Wing Right Wing Time % Phy DF OF
1 Lars Eller Maxime Comtois Danton Heinen 30 1 2 2
2 Trevor Lewis Vinnie Hinostroza Josh Archibald 30 1 2 2
3 Patrick Brown Drew O'Connor Nicolas Deslauriers 25 1 2 2
4 Peter Abbandonato Valtteri Puustinen William Dufour 15 1 2 2
5 vs 5 Defense
Defense Defense Time % Phy DF OF
1 Robert Bortuzzo Jon Merrill 30 1 2 2
2 Michael Stone Dylan Coghlan 30 1 2 2
3 Jeremie Poirier William Villeneuve 25 1 2 2
4 Robert Bortuzzo Jon Merrill 15 1 2 2
PowerPlay Forward
Center Left Wing Right Wing Time % Phy DF OF
1 Trevor Lewis Valtteri Puustinen Vinnie Hinostroza 50 1 2 2
2 Peter Abbandonato Maxime Comtois William Dufour 50 1 2 2
PowerPlay Defense
Defense Defense Time % Phy DF OF
1 Danton Heinen Robert Bortuzzo 50 1 2 2
2 William Villeneuve Jeremie Poirier 50 1 2 2
Penalty Kill 4 Players Forward
Center Wing Time % Phy DF OF
1 Lars Eller Josh Archibald 50 1 2 2
2 Patrick Brown Drew O'Connor 50 1 2 2
Penalty Kill 4 Players Defense
Defense Defense Time % Phy DF OF
1 Robert Bortuzzo Jon Merrill 50 1 2 2
2 Michael Stone Dylan Coghlan 50 1 2 2
Penalty Kill - 3 Players Forward
Forward Time % Phy DF OF
1 Lars Eller 50 1 2 2
2 Patrick Brown 50 1 2 2
Penalty Kill - 3 Players Defense
Defense Defense Time % Phy DF OF
1 Robert Bortuzzo Jon Merrill 50 1 2 2
2 Michael Stone Dylan Coghlan 50 1 2 2
4 vs 4 Forward
Center Wing Time % Phy DF OF
1 Lars Eller Josh Archibald 50 1 2 2
2 Peter Abbandonato Nicolas Deslauriers 50 1 2 2
4 vs 4 Defense
Defense Defense Time % Phy DF OF
1 Robert Bortuzzo Jon Merrill 50 1 2 2
2 William Villeneuve Jeremie Poirier 50 1 2 2
Last Minutes Offensive
Center Left Wing Right Wing Defense Defense
Lars Eller Danton Heinen Trevor Lewis Michael Stone Jon Merrill
Last Minutes Defensive
Center Left Wing Right Wing Defense Defense
Lars Eller Josh Archibald Patrick Brown Robert Bortuzzo Jon Merrill
Goaltenders
Starting : Philipp Grubauer
Backup : Mackenzie Blackwood
Extra Forwards
Normal : Valtteri Puustinen, Vinnie Hinostroza, Drew O'Connor - PP : Valtteri Puustinen, Vinnie Hinostroza - PK : Drew O'Connor
Extra Defensemen
Normal : Dylan Coghlan, William Villeneuve, Robert Bortuzzo - PP : Michael Stone - PK : William Villeneuve, Robert Bortuzzo
Penalty Shots
Lars Eller, Trevor Lewis, Maxime Comtois, Nicolas Deslauriers, Josh Archibald
Toronto St Pats
5 vs 5 Forward
Center Left Wing Right Wing Time % Phy DF OF
1 Sheldon Dries Quinton Byfield Austin Watson 30 1 2 2
2 Filip Hallander Nick Cousins William Lockwood 30 1 2 2
3 Jake Leschyshyn Connor Dewar Corey Andonovski 25 1 2 2
4 Riley Damiani Brendan Brisson Ville Koivunen 15 1 2 2
5 vs 5 Defense
Defense Defense Time % Phy DF OF
1 Sean Walker Pierre-Olivier Joseph 30 1 2 2
2 Lucas Carlsson Lassi Thomson 30 1 2 2
3 Nicolas Beaudin Scott Perunovich 25 1 2 2
4 Sean Walker Pierre-Olivier Joseph 15 1 2 2
PowerPlay Forward
Center Left Wing Right Wing Time % Phy DF OF
1 Sheldon Dries Quinton Byfield Austin Watson 50 1 2 2
2 Filip Hallander Connor Dewar Brendan Brisson 50 1 2 2
PowerPlay Defense
Defense Defense Time % Phy DF OF
1 Sean Walker Pierre-Olivier Joseph 50 1 2 2
2 Lucas Carlsson Lassi Thomson 50 1 2 2
Penalty Kill 4 Players Forward
Center Wing Time % Phy DF OF
1 Sheldon Dries Austin Watson 50 1 2 2
2 Filip Hallander Connor Dewar 50 1 2 2
Penalty Kill 4 Players Defense
Defense Defense Time % Phy DF OF
1 Sean Walker Pierre-Olivier Joseph 50 1 2 2
2 Lucas Carlsson Lassi Thomson 50 1 2 2
Penalty Kill - 3 Players Forward
Forward Time % Phy DF OF
1 Sheldon Dries 50 1 2 2
2 Filip Hallander 50 1 2 2
Penalty Kill - 3 Players Defense
Defense Defense Time % Phy DF OF
1 Sean Walker Pierre-Olivier Joseph 50 1 2 2
2 Lucas Carlsson Lassi Thomson 50 1 2 2
4 vs 4 Forward
Center Wing Time % Phy DF OF
1 Sheldon Dries Quinton Byfield 50 1 2 2
2 Filip Hallander Austin Watson 50 1 2 2
4 vs 4 Defense
Defense Defense Time % Phy DF OF
1 Sean Walker Pierre-Olivier Joseph 50 1 2 2
2 Lucas Carlsson Lassi Thomson 50 1 2 2
Last Minutes Offensive
Center Left Wing Right Wing Defense Defense
Sheldon Dries Quinton Byfield Austin Watson Sean Walker Pierre-Olivier Joseph
Last Minutes Defensive
Center Left Wing Right Wing Defense Defense
Filip Hallander Austin Watson William Lockwood Sean Walker Pierre-Olivier Joseph
Goaltenders
Starting : Cal Petersen
Backup : Hugo Alnefelt
Extra Forwards
Normal : Jake Leschyshyn, Riley Damiani, Corey Andonovski - PP : Jake Leschyshyn, Riley Damiani - PK : Corey Andonovski
Extra Defensemen
Normal : Nicolas Beaudin, Scott Perunovich, Lucas Carlsson - PP : Nicolas Beaudin - PK : Scott Perunovich, Lucas Carlsson
Penalty Shots
Quinton Byfield, Austin Watson, Nick Cousins, Sheldon Dries, Connor Dewar
% Time on Ice - Reno Silver Aces
Lines # - Real PCT - Wanted PCT - Time Play
Normal Forward
1 - 28% - 30% - 14:03
2 - 33% - 30% - 16:36
3 - 22% - 25% - 11:10
4 - 17% - 15% - 8:16
Normal Defense
1 - 30% - 30% - 14:52
2 - 34% - 30% - 16:53
3 - 26% - 25% - 13:00
4 - 11% - 15% - 5:20
PP Forward
1 - 47% - 50% - 4:38
2 - 53% - 50% - 5:17
PP Defense
1 - 50% - 50% - 4:58
2 - 50% - 50% - 4:57
PK Forward
1 - 0% - 50%
2 - 0% - 50%
PK Defense
1 - 0% - 50%
2 - 0% - 50%
PK3 Forward
1 - 0% - 50%
2 - 0% - 50%
PK3 Defense
1 - 0% - 50%
2 - 0% - 50%
44 Forward
1 - 0% - 50%
2 - 0% - 50%
44 Defense
1 - 0% - 50%
2 - 0% - 50%
Last Minute Offensive - 0:00
Last Minute Defensive - 0:00
Total
Forward - 60:00
Defense - 60:00
|
% Time on Ice - Toronto St Pats
Lines # - Real PCT - Wanted PCT - Time Play
Normal Forward
1 - 30% - 30% - 15:10
2 - 28% - 30% - 14:00
3 - 23% - 25% - 11:42
4 - 18% - 15% - 9:13
Normal Defense
1 - 28% - 30% - 14:14
2 - 31% - 30% - 15:29
3 - 30% - 25% - 14:58
4 - 11% - 15% - 5:24
PP Forward
1 - 0% - 50%
2 - 0% - 50%
PP Defense
1 - 0% - 50%
2 - 0% - 50%
PK Forward
1 - 58% - 50% - 5:47
2 - 42% - 50% - 4:08
PK Defense
1 - 49% - 50% - 4:49
2 - 51% - 50% - 5:06
PK3 Forward
1 - 0% - 50%
2 - 0% - 50%
PK3 Defense
1 - 0% - 50%
2 - 0% - 50%
44 Forward
1 - 0% - 50%
2 - 0% - 50%
44 Defense
1 - 0% - 50%
2 - 0% - 50%
Last Minute Offensive - 0:00
Last Minute Defensive - 0:00
Total
Forward - 60:00
Defense - 60:00
|
Play-by-Play
1st period
0:01 of 1st period - Danton Heinen wins face-off versus Sheldon Dries in neutral zone.
0:29 of 1st period - Off-side.
0:30 of 1st period - Patrick Brown wins face-off versus Filip Hallander in neutral zone.
0:39 of 1st period - Slapshot by Drew O'Connor.
0:39 of 1st period - Stopped by Cal Petersen with a rebound.
0:47 of 1st period - Slapshot by Lucas Carlsson.
0:47 of 1st period - Shot Blocked by Michael Stone.
1:52 of 1st period - Slapshot by Nick Cousins.
1:52 of 1st period - Deflect By Filip Hallander.
1:52 of 1st period - Shot Hit the Post.
1:52 of 1st period - Puck is out of play.
1:53 of 1st period - Jake Leschyshyn wins face-off versus Lars Eller in Reno Silver Aces zone.
2:18 of 1st period - Scott Perunovich is hit by William Dufour and loses puck.
4:44 of 1st period - Ville Koivunen is hit by Patrick Brown and loses puck.
4:55 of 1st period - Vinnie Hinostroza is hit by Austin Watson and loses puck.
6:24 of 1st period - Wrist shot by Drew O'Connor.
6:24 of 1st period - Shot Misses the Net.
7:06 of 1st period - Snap shot by Jake Leschyshyn.
7:06 of 1st period - Shot Misses the Net.
7:54 of 1st period - Wrist shot by Riley Damiani.
7:54 of 1st period - Stopped by Philipp Grubauer with a rebound.
8:24 of 1st period - Slapshot by Filip Hallander.
8:24 of 1st period - Stopped by Philipp Grubauer with a rebound.
11:14 of 1st period - Snap shot by Filip Hallander.
11:14 of 1st period - Stopped by Philipp Grubauer with a rebound.
11:48 of 1st period - Wrist shot by Quinton Byfield.
11:48 of 1st period - Shot Misses the Net.
11:50 of 1st period - Wrist shot by Austin Watson.
11:50 of 1st period - Stopped by Philipp Grubauer without a rebound.
11:51 of 1st period - Trevor Lewis wins face-off versus Austin Watson in Reno Silver Aces zone.
12:01 of 1st period - Wrist shot by Vinnie Hinostroza.
12:01 of 1st period - Shot Misses the Net.
12:03 of 1st period - Snap shot by Josh Archibald.
12:03 of 1st period - Shot Misses the Net.
12:05 of 1st period - Snap shot by Trevor Lewis.
12:05 of 1st period - Stopped by Cal Petersen without a rebound.
12:06 of 1st period - Lars Eller wins face-off versus Jake Leschyshyn in Toronto St Pats zone.
12:19 of 1st period - Wrist shot by Connor Dewar.
12:19 of 1st period - Stopped by Philipp Grubauer without a rebound.
12:20 of 1st period - Sheldon Dries wins face-off versus Trevor Lewis in Reno Silver Aces zone.
12:53 of 1st period - Slapshot by Filip Hallander.
12:53 of 1st period - Shot Misses the Net.
13:01 of 1st period - Backhand shot by Vinnie Hinostroza.
13:01 of 1st period - Shot Hit the Post.
13:03 of 1st period - Snap shot by Trevor Lewis.
13:03 of 1st period - Shot Misses the Net.
13:05 of 1st period - Wrist shot by Vinnie Hinostroza.
13:05 of 1st period - Shot Misses the Net.
13:07 of 1st period - Snap shot by Trevor Lewis.
13:07 of 1st period - Stopped by Cal Petersen with a rebound.
13:09 of 1st period - Snap shot by Trevor Lewis.
13:09 of 1st period - Stopped by Cal Petersen with a rebound.
13:11 of 1st period - Slapshot by Josh Archibald.
13:11 of 1st period - Stopped by Cal Petersen with a rebound.
13:13 of 1st period - Snap shot by Josh Archibald.
13:13 of 1st period - Shot Misses the Net.
13:15 of 1st period - Slapshot by Josh Archibald.
13:15 of 1st period - Shot Misses the Net.
13:33 of 1st period - Snap shot by Josh Archibald.
13:33 of 1st period - Stopped by Cal Petersen with a rebound.
14:13 of 1st period - Snap shot by Vinnie Hinostroza.
14:13 of 1st period - Shot Misses the Net.
14:15 of 1st period - Slapshot by Robert Bortuzzo.
14:15 of 1st period - Stopped by Cal Petersen with a rebound.
14:17 of 1st period - Slapshot by Robert Bortuzzo.
14:17 of 1st period - Shot Misses the Net.
14:19 of 1st period - Slapshot by Jon Merrill.
14:19 of 1st period - Shot Blocked by Corey Andonovski.
14:23 of 1st period - Snap shot by Trevor Lewis.
14:23 of 1st period - Stopped by Cal Petersen without a rebound.
14:24 of 1st period - Lars Eller wins face-off versus Sheldon Dries in Toronto St Pats zone.
14:29 of 1st period - Snap shot by Maxime Comtois.
14:29 of 1st period - Stopped by Cal Petersen with a rebound.
14:38 of 1st period - Minor Penalty to Austin Watson for Hooking.
14:39 of 1st period - Sheldon Dries wins face-off versus Peter Abbandonato in Toronto St Pats zone.
14:39 of 1st period - Sheldon Dries is hit by Maxime Comtois.
15:00 of 1st period - Maxime Comtois is hit by Pierre-Olivier Joseph.
15:34 of 1st period - Wrist shot by Filip Hallander.
15:34 of 1st period - Deflect By Nick Cousins.
15:34 of 1st period - Goal by Nick Cousins - Reno Silver Aces : 0 - Toronto St Pats : 1.
15:35 of 1st period - Peter Abbandonato wins face-off versus Filip Hallander in neutral zone.
15:48 of 1st period - Slapshot by Maxime Comtois.
15:48 of 1st period - Shot Misses the Net.
15:58 of 1st period - Connor Dewar is hit by Trevor Lewis and loses puck.
16:11 of 1st period - Icing by William Dufour.
16:12 of 1st period - Peter Abbandonato wins face-off versus Sheldon Dries in Reno Silver Aces zone.
16:38 of 1st period - Penalty to Austin Watson is over, Austin Watson is back on ice.
16:54 of 1st period - Snap shot by Drew O'Connor.
16:54 of 1st period - Stopped by Cal Petersen with a rebound.
16:56 of 1st period - Slapshot by Patrick Brown.
16:56 of 1st period - Stopped by Cal Petersen without a rebound.
16:57 of 1st period - Peter Abbandonato wins face-off versus Brendan Brisson in Toronto St Pats zone.
16:58 of 1st period - Snap shot by William Dufour.
16:58 of 1st period - Shot Misses the Net.
17:00 of 1st period - Wrist shot by Peter Abbandonato.
17:00 of 1st period - Stopped by Cal Petersen without a rebound.
17:01 of 1st period - Riley Damiani wins face-off versus Peter Abbandonato in Toronto St Pats zone.
17:54 of 1st period - Filip Hallander is hit by Nicolas Deslauriers and loses puck.
19:20 of 1st period - Snap shot by Danton Heinen.
19:20 of 1st period - Shot Misses the Net.
19:38 of 1st period - Wrist shot by Nicolas Deslauriers.
19:38 of 1st period - Stopped by Cal Petersen with a rebound.
Goals for this period are 0 for Reno Silver Aces vs 1 for Toronto St Pats.
Shots for this period are 13 for Reno Silver Aces vs 6 for Toronto St Pats.
2nd period
0:01 of 2nd period - Sheldon Dries wins face-off versus Patrick Brown in neutral zone.
0:05 of 2nd period - Icing by Jeremie Poirier.
0:06 of 2nd period - Drew O'Connor wins face-off versus Sheldon Dries in Reno Silver Aces zone.
1:34 of 2nd period - Minor Penalty to Austin Watson for Tripping.
1:35 of 2nd period - Filip Hallander wins face-off versus Trevor Lewis in Toronto St Pats zone.
1:40 of 2nd period - Icing by Valtteri Puustinen.
1:41 of 2nd period - Trevor Lewis wins face-off versus Filip Hallander in Reno Silver Aces zone.
2:39 of 2nd period - Snap shot by Vinnie Hinostroza.
2:39 of 2nd period - Shot Blocked by Quinton Byfield.
2:41 of 2nd period - Wrist shot by Danton Heinen.
2:41 of 2nd period - Shot Misses the Net.
2:43 of 2nd period - Slapshot by Robert Bortuzzo.
2:43 of 2nd period - Shot Blocked by Pierre-Olivier Joseph.
3:34 of 2nd period - Penalty to Austin Watson is over, Austin Watson is back on ice.
3:50 of 2nd period - Backhand shot by Nick Cousins.
3:50 of 2nd period - Stopped by Philipp Grubauer with a rebound.
3:52 of 2nd period - Slapshot by Lucas Carlsson.
3:52 of 2nd period - Shot Misses the Net.
3:54 of 2nd period - Snap shot by Austin Watson.
3:54 of 2nd period - Shot Misses the Net.
3:56 of 2nd period - Slapshot by Lucas Carlsson.
3:56 of 2nd period - Goal by Lucas Carlsson - Reno Silver Aces : 0 - Toronto St Pats : 2.
3:57 of 2nd period - Patrick Brown wins face-off versus Filip Hallander in neutral zone.
4:29 of 2nd period - Snap shot by Jake Leschyshyn.
4:29 of 2nd period - Stopped by Philipp Grubauer with a rebound.
5:10 of 2nd period - Quinton Byfield is hit by Patrick Brown and loses puck.
5:31 of 2nd period - Wrist shot by Josh Archibald.
5:31 of 2nd period - Stopped by Cal Petersen without a rebound.
5:32 of 2nd period - Lars Eller wins face-off versus Filip Hallander in Toronto St Pats zone.
5:57 of 2nd period - Wrist shot by Filip Hallander.
5:57 of 2nd period - Shot Misses the Net.
8:05 of 2nd period - Lars Eller is hit by Ville Koivunen and loses puck.
8:32 of 2nd period - Wrist shot by Nicolas Deslauriers.
8:32 of 2nd period - Stopped by Cal Petersen with a rebound.
8:58 of 2nd period - Jon Merrill is hit by Sean Walker.
9:12 of 2nd period - Wrist shot by Riley Damiani.
9:12 of 2nd period - Stopped by Philipp Grubauer with a rebound.
9:14 of 2nd period - Slapshot by Sean Walker.
9:14 of 2nd period - Stopped by Philipp Grubauer with a rebound.
9:16 of 2nd period - Snap shot by Brendan Brisson.
9:16 of 2nd period - Goal by Brendan Brisson - Reno Silver Aces : 0 - Toronto St Pats : 3.
9:17 of 2nd period - Lars Eller wins face-off versus Sheldon Dries in neutral zone.
9:21 of 2nd period - Off-side.
9:22 of 2nd period - Lars Eller wins face-off versus Sheldon Dries in neutral zone.
9:31 of 2nd period - Snap shot by Maxime Comtois.
9:31 of 2nd period - Shot Blocked by Sheldon Dries.
9:33 of 2nd period - Slapshot by Robert Bortuzzo.
9:33 of 2nd period - Deflect By Lucas Carlsson.
9:33 of 2nd period - Stopped by Cal Petersen with a rebound.
9:35 of 2nd period - Slapshot by Robert Bortuzzo.
9:35 of 2nd period - Deflect By Sheldon Dries.
9:35 of 2nd period - Stopped by Cal Petersen without a rebound.
9:36 of 2nd period - Patrick Brown wins face-off versus Filip Hallander in Toronto St Pats zone.
9:45 of 2nd period - Patrick Brown is hit by Pierre-Olivier Joseph and loses puck.
10:01 of 2nd period - Quinton Byfield is hit by Josh Archibald and loses puck.
10:39 of 2nd period - Wrist shot by Connor Dewar.
10:39 of 2nd period - Stopped by Philipp Grubauer with a rebound.
10:42 of 2nd period - Icing by William Villeneuve.
10:43 of 2nd period - Lars Eller wins face-off versus Filip Hallander in Reno Silver Aces zone.
10:43 of 2nd period - Lars Eller is hit by Filip Hallander.
10:46 of 2nd period - Danton Heinen is hit by Filip Hallander and loses puck.
11:26 of 2nd period - Off-side.
11:27 of 2nd period - Trevor Lewis wins face-off versus Jake Leschyshyn in neutral zone.
11:40 of 2nd period - Wrist shot by Vinnie Hinostroza.
11:40 of 2nd period - Stopped by Cal Petersen with a rebound.
11:42 of 2nd period - Slapshot by Jon Merrill.
11:42 of 2nd period - Stopped by Cal Petersen with a rebound.
11:56 of 2nd period - Snap shot by Sheldon Dries.
11:56 of 2nd period - Stopped by Philipp Grubauer with a rebound.
12:19 of 2nd period - Slapshot by Pierre-Olivier Joseph.
12:19 of 2nd period - Shot Blocked by Robert Bortuzzo.
12:21 of 2nd period - Snap shot by Ville Koivunen.
12:21 of 2nd period - Goal by Ville Koivunen - Reno Silver Aces : 0 - Toronto St Pats : 4.
12:22 of 2nd period - Lars Eller wins face-off versus Filip Hallander in neutral zone.
12:29 of 2nd period - Slapshot by Nick Cousins.
12:29 of 2nd period - Shot Blocked by Michael Stone.
12:31 of 2nd period - Snap shot by William Lockwood.
12:31 of 2nd period - Stopped by Philipp Grubauer with a rebound.
12:33 of 2nd period - Wrist shot by William Lockwood.
12:33 of 2nd period - Shot Misses the Net.
12:34 of 2nd period - Nick Cousins beats up Michael Stone.
12:34 of 2nd period - Penalty to Nick Cousins for Fighting.
12:34 of 2nd period - Penalty to Michael Stone for Fighting.
12:35 of 2nd period - Lars Eller wins face-off versus Quinton Byfield in Reno Silver Aces zone.
12:42 of 2nd period - Slapshot by Quinton Byfield.
12:42 of 2nd period - Stopped by Philipp Grubauer with a rebound.
12:44 of 2nd period - Snap shot by Sheldon Dries.
12:44 of 2nd period - Stopped by Philipp Grubauer with a rebound.
12:46 of 2nd period - Snap shot by Quinton Byfield.
12:46 of 2nd period - Shot Misses the Net.
13:02 of 2nd period - Robert Bortuzzo is hit by Jake Leschyshyn and loses puck.
13:41 of 2nd period - Snap shot by Lucas Carlsson.
13:41 of 2nd period - Shot Misses the Net.
13:43 of 2nd period - Slapshot by Lassi Thomson.
13:43 of 2nd period - Shot Blocked by Robert Bortuzzo.
14:02 of 2nd period - Snap shot by Sheldon Dries.
14:02 of 2nd period - Shot Misses the Net.
14:04 of 2nd period - Snap shot by Sheldon Dries.
14:04 of 2nd period - Shot Misses the Net.
14:06 of 2nd period - Snap shot by Scott Perunovich.
14:06 of 2nd period - Shot Blocked by Jon Merrill.
14:16 of 2nd period - Wrist shot by Filip Hallander.
14:16 of 2nd period - Stopped by Philipp Grubauer without a rebound.
14:17 of 2nd period - Trevor Lewis wins face-off versus Filip Hallander in Reno Silver Aces zone.
14:26 of 2nd period - Snap shot by Josh Archibald.
14:26 of 2nd period - Stopped by Cal Petersen with a rebound.
14:46 of 2nd period - Wrist shot by Quinton Byfield.
14:46 of 2nd period - Shot Misses the Net.
15:02 of 2nd period - Corey Andonovski is hit by Maxime Comtois and loses puck.
15:23 of 2nd period - Wrist shot by Peter Abbandonato.
15:23 of 2nd period - Shot Blocked by Ville Koivunen.
15:41 of 2nd period - Lucas Carlsson is hit by Jeremie Poirier and loses puck.
15:50 of 2nd period - Lucas Carlsson is hit by William Villeneuve and loses puck.
16:16 of 2nd period - Minor Penalty to Austin Watson for Hooking.
16:17 of 2nd period - Vinnie Hinostroza wins face-off versus Filip Hallander in Toronto St Pats zone.
16:23 of 2nd period - Wrist shot by Vinnie Hinostroza.
16:23 of 2nd period - Stopped by Cal Petersen with a rebound.
17:34 of 2nd period - Penalty to Nick Cousins is over, Nick Cousins is back on ice.
18:16 of 2nd period - Penalty to Austin Watson is over, Austin Watson is back on ice.
18:16 of 2nd period - Lucas Carlsson is hit by Maxime Comtois and loses puck.
18:24 of 2nd period - Icing by Lassi Thomson.
18:25 of 2nd period - Jake Leschyshyn wins face-off versus Patrick Brown in Toronto St Pats zone.
18:25 of 2nd period - Jake Leschyshyn is hit by Drew O'Connor.
18:33 of 2nd period - Drew O'Connor is hit by Nick Cousins and loses puck.
18:54 of 2nd period - Michael Stone is hit by Jake Leschyshyn.
19:08 of 2nd period - William Dufour is hit by Brendan Brisson.
Goals for this period are 0 for Reno Silver Aces vs 3 for Toronto St Pats.
Shots for this period are 8 for Reno Silver Aces vs 13 for Toronto St Pats.
3rd period
0:01 of 3rd period - Lars Eller wins face-off versus Sheldon Dries in neutral zone.
0:26 of 3rd period - Nick Cousins is hit by Robert Bortuzzo and loses puck.
0:35 of 3rd period - Snap shot by Nick Cousins.
0:35 of 3rd period - Shot Blocked by Josh Archibald.
1:10 of 3rd period - Snap shot by Valtteri Puustinen.
1:10 of 3rd period - Stopped by Cal Petersen with a rebound.
1:16 of 3rd period - Lassi Thomson is hit by Valtteri Puustinen and loses puck.
1:31 of 3rd period - Snap shot by Nick Cousins.
1:31 of 3rd period - Stopped by Philipp Grubauer without a rebound.
1:32 of 3rd period - Trevor Lewis wins face-off versus Filip Hallander in Reno Silver Aces zone.
1:41 of 3rd period - Snap shot by Vinnie Hinostroza.
1:41 of 3rd period - Stopped by Cal Petersen with a rebound.
1:43 of 3rd period - Slapshot by William Villeneuve.
1:43 of 3rd period - Deflect By Sean Walker.
1:43 of 3rd period - Stopped by Cal Petersen with a rebound.
1:45 of 3rd period - Slapshot by William Villeneuve.
1:45 of 3rd period - Shot Blocked by Pierre-Olivier Joseph.
1:47 of 3rd period - Snap shot by Trevor Lewis.
1:47 of 3rd period - Stopped by Cal Petersen without a rebound.
1:48 of 3rd period - Lars Eller wins face-off versus Sheldon Dries in Toronto St Pats zone.
1:51 of 3rd period - Wrist shot by Lars Eller.
1:51 of 3rd period - Goal by Lars Eller - Reno Silver Aces : 1 - Toronto St Pats : 4.
1:52 of 3rd period - Filip Hallander wins face-off versus Lars Eller in neutral zone.
2:03 of 3rd period - Wrist shot by Nick Cousins.
2:03 of 3rd period - Stopped by Philipp Grubauer with a rebound.
2:05 of 3rd period - Snap shot by Nick Cousins.
2:05 of 3rd period - Shot Misses the Net.
2:07 of 3rd period - Slapshot by Pierre-Olivier Joseph.
2:07 of 3rd period - Deflect By Filip Hallander.
2:07 of 3rd period - Stopped by Philipp Grubauer with a rebound.
2:17 of 3rd period - Quinton Byfield is hit by Jon Merrill and loses puck.
2:24 of 3rd period - Wrist shot by Josh Archibald.
2:24 of 3rd period - Stopped by Cal Petersen with a rebound.
2:26 of 3rd period - Slapshot by William Villeneuve.
2:26 of 3rd period - Shot Misses the Net.
2:28 of 3rd period - Snap shot by Trevor Lewis.
2:28 of 3rd period - Shot Misses the Net.
3:05 of 3rd period - Wrist shot by Danton Heinen.
3:05 of 3rd period - Stopped by Cal Petersen with a rebound.
3:15 of 3rd period - Slapshot by William Dufour.
3:15 of 3rd period - Stopped by Cal Petersen without a rebound.
3:16 of 3rd period - Filip Hallander wins face-off versus Peter Abbandonato in Toronto St Pats zone.
3:43 of 3rd period - Snap shot by Vinnie Hinostroza.
3:43 of 3rd period - Shot Misses the Net.
3:45 of 3rd period - Minor Penalty to Austin Watson for Hooking.
3:46 of 3rd period - Filip Hallander wins face-off versus Trevor Lewis in Toronto St Pats zone.
4:38 of 3rd period - Sheldon Dries is hit by Trevor Lewis and loses puck.
5:45 of 3rd period - Penalty to Austin Watson is over, Austin Watson is back on ice.
6:25 of 3rd period - Off-side.
6:26 of 3rd period - Lars Eller wins face-off versus William Lockwood in neutral zone.
6:52 of 3rd period - Trevor Lewis is hit by Filip Hallander and loses puck.
7:11 of 3rd period - Wrist shot by Sheldon Dries.
7:11 of 3rd period - Stopped by Philipp Grubauer with a rebound.
7:13 of 3rd period - Snap shot by Sheldon Dries.
7:13 of 3rd period - Stopped by Philipp Grubauer without a rebound.
7:14 of 3rd period - Sheldon Dries wins face-off versus Peter Abbandonato in Reno Silver Aces zone.
7:29 of 3rd period - Lassi Thomson is hit by Dylan Coghlan and loses puck.
7:40 of 3rd period - Josh Archibald is hit by Jake Leschyshyn and loses puck.
8:09 of 3rd period - Sean Walker is hit by Michael Stone and loses puck.
8:28 of 3rd period - Slapshot by Pierre-Olivier Joseph.
8:28 of 3rd period - Shot Misses the Net.
8:53 of 3rd period - William Dufour is hit by Lassi Thomson and loses puck.
9:22 of 3rd period - Slapshot by Sheldon Dries.
9:22 of 3rd period - Shot Blocked by Robert Bortuzzo.
9:24 of 3rd period - Snap shot by Nicolas Beaudin.
9:24 of 3rd period - Shot Misses the Net.
9:26 of 3rd period - Slapshot by Nicolas Beaudin.
9:26 of 3rd period - Stopped by Philipp Grubauer without a rebound.
9:27 of 3rd period - Maxime Comtois wins face-off versus Filip Hallander in Reno Silver Aces zone.
9:52 of 3rd period - Lucas Carlsson is hit by William Villeneuve and loses puck.
10:15 of 3rd period - Slapshot by Riley Damiani.
10:15 of 3rd period - Shot Misses the Net.
10:17 of 3rd period - Slapshot by Riley Damiani.
10:17 of 3rd period - Shot Blocked by Dylan Coghlan.
10:19 of 3rd period - Snap shot by Ville Koivunen.
10:19 of 3rd period - Stopped by Philipp Grubauer with a rebound.
10:21 of 3rd period - Snap shot by Scott Perunovich.
10:21 of 3rd period - Stopped by Philipp Grubauer with a rebound.
10:23 of 3rd period - Slapshot by Nicolas Beaudin.
10:23 of 3rd period - Shot Blocked by Michael Stone.
10:25 of 3rd period - Slapshot by Brendan Brisson.
10:25 of 3rd period - Stopped by Philipp Grubauer with a rebound.
10:59 of 3rd period - Vinnie Hinostroza is hit by Connor Dewar and loses puck.
11:46 of 3rd period - Lucas Carlsson is hit by Danton Heinen and loses puck.
12:01 of 3rd period - Wrist shot by Riley Damiani.
12:01 of 3rd period - Stopped by Philipp Grubauer with a rebound.
12:03 of 3rd period - Snap shot by Brendan Brisson.
12:03 of 3rd period - Stopped by Philipp Grubauer with a rebound.
12:21 of 3rd period - Snap shot by Patrick Brown.
12:21 of 3rd period - Stopped by Cal Petersen without a rebound.
12:22 of 3rd period - Lars Eller wins face-off versus Sheldon Dries in Toronto St Pats zone.
12:33 of 3rd period - Snap shot by Maxime Comtois.
12:33 of 3rd period - Goal by Maxime Comtois - Reno Silver Aces : 2 - Toronto St Pats : 4.
12:34 of 3rd period - Sheldon Dries wins face-off versus Trevor Lewis in neutral zone.
12:37 of 3rd period - Slapshot by Sean Walker.
12:37 of 3rd period - Shot Misses the Net.
12:45 of 3rd period - Slapshot by Robert Bortuzzo.
12:45 of 3rd period - Shot Blocked by Sean Walker.
12:49 of 3rd period - Wrist shot by Trevor Lewis.
12:49 of 3rd period - Stopped by Cal Petersen with a rebound.
12:55 of 3rd period - Minor Penalty to Austin Watson for High sticking.
12:56 of 3rd period - Trevor Lewis wins face-off versus Filip Hallander in Toronto St Pats zone.
14:49 of 3rd period - Lucas Carlsson is hit by Valtteri Puustinen and loses puck.
14:55 of 3rd period - Penalty to Austin Watson is over, Austin Watson is back on ice.
15:00 of 3rd period - Slapshot by Brendan Brisson.
15:00 of 3rd period - Shot Blocked by Robert Bortuzzo.
15:49 of 3rd period - Austin Watson is hit by Josh Archibald and loses puck.
17:59 of 3rd period - Jeremie Poirier is hit by Nicolas Beaudin and loses puck.
18:56 of 3rd period - Robert Bortuzzo is hit by Sheldon Dries and loses puck.
Goals for this period are 2 for Reno Silver Aces vs 0 for Toronto St Pats.
Shots for this period are 11 for Reno Silver Aces vs 11 for Toronto St Pats.
Back to the Top